 Dungeon Crawl Stone Soup version 0.31.0-11-ge490571c62 (webtiles) character file.

Game seed: 16597200504523308450

39 Ashen the Sneak (level 3, -1/25 HPs)
             Began as a Gnoll Enchanter on Feb 2, 2024.
             Slain by a hobgoblin (3 damage)
             ... on level 1 of the Dungeon.
             The game lasted 00:01:31 (406 turns).

Ashen the Sneak (Gnoll Enchanter)                    Turns: 406, Time: 00:01:32

Health: -1/25      AC:  2    Str:  7    XL:     3   Next: 47%
Magic:  9/9        EV: 13    Int: 14    God:
Gold:   29         SH:  0    Dex: 14    Spells: 12/12 levels left

rFire   . . .        e - +0 rapier
rCold   . . .        (no shield)
rNeg    . . .        b - +0 robe
rPois   .            (no helmet)
rElec   .            (no cloak)
rCorr   .            (no gloves)
SInv    .            (no boots)
Will    .....        (no amulet)
Stlth   +++          (no ring)
HPRegen 0.24/turn    (no ring)
MPRegen 0.11/turn

%: no passive effects
@: invisible
A: fangs 1, strong nose, distributed training
a: no special abilities


You were on level 1 of the Dungeon.
You visited 1 branch of the dungeon, and saw 1 of its levels.

You collected 29 gold pieces.

Inventory:

Hand Weapons
 a - a +1 dagger
 e - a +0 rapier (weapon)
Armour
 b - a +0 robe (worn)
Potions
 c - a potion of invisibility
 d - a potion of heal wounds {unknown}


   Skills:
 + Level 0.9 Fighting
 + Level 2.6 Short Blades
 + Level 0.9 Long Blades
 + Level 0.9 Axes
 + Level 0.9 Maces & Flails
 + Level 0.9 Polearms
 + Level 0.9 Staves
 + Level 0.9 Ranged Weapons
 + Level 0.9 Throwing
 + Level 0.9 Armour
 + Level 4.5 Dodging
 + Level 6.0 Stealth
 + Level 0.9 Shields
 + Level 0.9 Unarmed Combat
 + Level 5.0 Spellcasting
 + Level 0.6 Conjurations
 + Level 5.4 Hexes
 + Level 0.6 Summonings
 + Level 0.6 Necromancy
 + Level 0.6 Translocations
 + Level 0.6 Fire Magic
 + Level 0.6 Ice Magic
 + Level 0.6 Air Magic
 + Level 0.6 Earth Magic
 + Level 0.6 Alchemy
 + Level 1.0 Invocations
 + Level 0.9 Evocations
 + Level 0.7 Shapeshifting


You had 12 spell levels left.
You didn't know any spells.
Your spell library contained the following spells:

 Spells                   Type           Power      Damage    Failure   Level
 Confusing Touch          Hex            18%        N/A       5%          3
 Tukima's Dance           Hex            18%        N/A       5%          3
 Ensorcelled Hibernation  Hex/Ice        24%        N/A       8%          2
 Dazzling Flash           Conj/Hex       24%        N/A       16%         3


Dungeon Overview and Level Annotations

Branches:
Dungeon (1/15)

Altars:


Innate Abilities, Weirdness & Mutations

You have very sharp teeth.
Your uncanny sense of smell can sniff out nearby items.
Your experience applies equally to all skills.


Message History

You closely miss the jackal. Your punch misses the jackal. The bat misses you.
The jackal bites you. The hobgoblin misses you. The jackal closely misses you.
You fade into invisibility!
The bat completely misses you. The bat hits you but does no damage.
The jackal closely misses you. The jackal barely misses you.
The hobgoblin barely misses you.
You miss the jackal. Your bite misses the jackal. The bat misses you.
The jackal closely misses you. The hobgoblin hits you.
The jackal completely misses you.
You hit the jackal but do no damage. You bite the jackal, but do no damage.
The bat hits you but does no damage. The jackal barely misses you.
The jackal completely misses you. The hobgoblin hits you.
* * * LOW HITPOINT WARNING * * *
The bat closely misses you.
Unknown command.
You catch the helpless jackal completely off-guard!
You puncture the jackal!
You kill the jackal!
The jackal misses you. The hobgoblin hits you.
* * * LOW HITPOINT WARNING * * *
The bat hits you but does no damage. The jackal misses you.
You closely miss the jackal. The bat hits you.
* * * LOW HITPOINT WARNING * * *
The jackal barely misses you. The hobgoblin hits you.
* * * LOW HITPOINT WARNING * * *
Unknown command.
You barely miss the jackal. The bat completely misses you.
The jackal misses you. The hobgoblin closely misses you.
The jackal closely misses you.
You hit the jackal but do no damage. The bat closely misses you.
The hobgoblin closely misses you.
You hit the hobgoblin.
The hobgoblin is lightly wounded.
The bat misses you. The hobgoblin misses you.
You closely miss the hobgoblin.
The hobgoblin is lightly wounded.
The bat hits you.
* * * LOW HITPOINT WARNING * * *
You closely miss the bat. The bat misses you. The hobgoblin hits you.
You die...

.#.......##(#.....
.#.####........... #.
..†.....##..#.##.# #..
............#.##.#.#.#
.......#....#.##.#...# .
.#.##..#.##)#..........
.......#.##.#..#.#.#.#..
...##..#.##......g......
....#..#..h.....@b....r.
.......#.........##.##..
#...#.##.##......#
#.....)..........##.
#.##..##............
#...#.............
#...#.............
#..g#...#...#.#..#
#.......#...#.#..#


You could see a quokka (wandering, unable to see you), a jackal (wandering,
unable to see you), a hobgoblin (unable to see you) and a bat.

Vanquished Creatures
  A gnoll (D:1)
  3 dart slugs (D:1)
  A giant cockroach (D:1)
  4 goblins (D:1)
  A hobgoblin (D:1)
  5 jackals (D:1)
  2 kobolds (D:1)
  3 ball pythons (D:1)
  A frilled lizard (D:1)
  A rat (D:1)
22 creatures vanquished.

Notes
Turn   | Place    | Note
-------+----------+-------------------------------------------
     0 | D:1      | Ashen the Gnoll Enchanter began the quest for the Orb.
     0 | D:1      | Reached XP level 1. HP: 13/13 MP: 6/6
   111 | D:1      | Reached XP level 2. HP: 14/19 MP: 7/7
   258 | D:1      | Reached skill level 5 in Spellcasting
   258 | D:1      | Reached XP level 3. HP: 25/25 MP: 7/9
   280 | D:1      | Reached skill level 6 in Stealth
   291 | D:1      | Reached skill level 1 in Invocations
   406 | D:1      | Slain by a hobgoblin

Illustrated notes

Levels and vault maps discovered:
D:1:      amcnicky_arrival_choice, layout_basic

Skill      XL: |  1  2  3 |
---------------+----------+-----
Spellcasting   | 5 |  5.0
Stealth        | 6 |  6.0
Invocations    | 1 |  1.0
Fighting       | |  0.9
Short Blades   | |  2.6
Long Blades    | |  0.9
Axes           | |  0.9
Maces & Flails | |  0.9
Polearms       | |  0.9
Staves         | |  0.9
Ranged Weapons | |  0.9
Throwing       | |  0.9
Armour         | |  0.9
Dodging        | |  4.5
Shields        | |  0.9
Unarmed Combat | |  0.9
Conjurations   | |  0.6
Hexes          | |  5.4
Summonings     | |  0.6
Necromancy     | |  0.6
Translocations | |  0.6
Fire Magic     | |  0.6
Ice Magic      | |  0.6
Air Magic      | |  0.6
Earth Magic    | |  0.6
Alchemy        | |  0.6
Evocations     | |  0.9
Shapeshifting  | |  0.7

Action                     || total
---------------------------++-------
  Melee: Dagger            ||    27
         Rapier            ||    57
         Bite              ||     5
    Use: Potion            ||     1
   Stab: Sleeping          ||     1
         Invisible         ||     1
 Armour: Robe              ||    60
  Dodge: Dodged            ||    79
